 Dungeon Crawl Stone Soup version 0.28-a0-909-g796cbd3a86 (webtiles) character file.

Game seed: 5373946618361098610

861 ytrimaz the Sneak (level 8, -3/54 HPs)
             Began as an Octopode Berserker on Nov 24, 2021.
             Was a Believer of Trog.
             Slain by Eustachio (7 damage)
             ... on level 5 of the Dungeon.
             The game lasted 00:04:54 (5442 turns).

ytrimaz the Sneak (Octopode Berserker)              Turns: 5442, Time: 00:04:55

Health: -3/54      AC:  1    Str: 18      XL:     8   Next: 2%
Magic:  8/8        EV: 14    Int: 10      God:    Trog [**....]
Gold:   258        SH:  0    Dex:  9 (11) Spells: 7/7 levels left

rFire   . . .      SeeInvis .     - Unarmed
rCold   . . .      Faith    .   (no shield)
rNeg    . . .      Spirit   .   (helmet restricted)
rPois   .          Reflect  .   c - amulet of the acrobat
rElec   .          Harm     .   (no ring)
rCorr   .          Rampage  .   (no ring)
Will    .....                   (no ring)
Stlth   ++++......              (no ring)
HPRegen 0.18/turn               (no ring)
MPRegen 0.11/turn               (no ring)
                                (no ring)
                                (no ring)

@: no status effects
A: almost no armour, amphibious, 8 rings, camouflage 1, gelatinous body 1,
(nimble swimmer 1), tentacles
a: Renounce Religion, Berserk, Trog's Hand


You were on level 5 of the Dungeon.
You worshipped Trog.
Trog was pleased with you.
You visited 1 branch of the dungeon, and saw 5 of its levels.

You collected 258 gold pieces.

Inventory:

Missiles
 o - 5 boomerangs (quivered)
Jewellery
 c - an amulet of the acrobat (around mantle)
Scrolls
 f - 3 scrolls of blinking
 m - a scroll of enchant armour
Potions
 a - 2 potions of degeneration {unknown}
 b - 2 potions of flight {unknown}
 d - 2 potions of ambrosia {unknown}
 e - a potion of cancellation {unknown}
 g - a potion of attraction {unknown}
 h - a potion of mutation {unknown}
 i - a potion of haste {unknown}
 j - a potion of curing {unknown}
 k - a potion of brilliance {unknown}
 l - a potion of berserk rage {unknown}


   Skills:
 * Level 4.8 Fighting
 * Level 5.0 Dodging
 + Level 6.4 Stealth
 + Level 5.6 Unarmed Combat


You had 7 spell levels left.
You didn't know any spells.
Your spell library was empty.

Dungeon Overview and Level Annotations

Branches:
Dungeon (5/15)
 Temple: D:4-7

Altars:
Ashenzari
Gozag
Hepliaklqana
Ru

Annotations:
D:5 Eustachio


Innate Abilities, Weirdness & Mutations

You cannot wear most types of armour.
You are amphibious.
You can wear up to eight rings at the same time.
Your skin changes colour to match your surroundings (Stealth+).
Your rubbery body absorbs attacks. (AC +1, EV +1)
((You are camouflaged near water. (Stealth+)))
You have tentacles for arms and can constrict up to eight enemies at once.


Message History

Eustachio misses you.
You tentacle-slap Eustachio.
You tentacle-slap Eustachio, but do no damage.
Eustachio is moderately wounded.
You constrict Eustachio. The bat hits you. The white imp closely misses you.
The crimson imp barely misses you. Eustachio barely misses you.
You bludgeon Eustachio!
Eustachio is heavily wounded.
You constrict Eustachio. The bat closely misses you. The quasit bites you.
You feel clumsy. The quasit misses you. The quasit completely misses you.
The white imp barely misses you. The crimson imp misses you.
Eustachio barely misses you.
You tentacle-slap Eustachio but do no damage.
Eustachio is severely wounded.
You constrict Eustachio. The quasit completely misses you.
The quasit claws you. x2; The white imp completely misses you.
The crimson imp misses you. Eustachio hits you with a +0 falchion!
The bat hits you. The quasit bites you.
You feel clumsy. The quasit misses you. x2
You tentacle-slap Eustachio but do no damage.
You squeeze Eustachio.
Eustachio is severely wounded.
You constrict Eustachio. The bat barely misses you. The white imp hits you.
The white imp freezes you. The crimson imp closely misses you.
Eustachio hits you with a +0 falchion! The quasit bites you.
The quasit closely misses you. x2
You tentacle-slap Eustachio but do no damage.
Eustachio is almost dead.
You constrict Eustachio. The bat hits you. The white imp gestures at you.
The puff of frost hits you!
* * * LOW HITPOINT WARNING * * *
The quasit closely misses you. The quasit misses you. x2
The crimson imp shouts, "Escape, thou frothy hasty-witted prigger-of-prances!"
The crimson imp hits you.
* * * LOW HITPOINT WARNING * * *
Eustachio hits you with a +0 falchion!
You die...

#...........##
....
#.###.......#
# #.......#
#.......#
#..(....#
#.......#
#.......#
#...b5@5#
#.....@.#
#..?...5####.
#........[...
###.........!
#...........
#...........
#..........#
#..(.......#
#..........


You could see Eustachio, a quasit (summoned), a crimson imp (summoned), a white
imp (summoned) and a bat (summoned).

Vanquished Creatures
  Grinder (D:4)
  An ice beast (D:5)
  A necrophage (D:4)
  Blork the orc (D:4)
  A scorpion (D:4)
  A water moccasin skeleton (D:5)
  A bullfrog skeleton (D:4)
  2 orc priests (D:3)
  Jessica (D:2)
  2 orc wizards (D:4)
  A hound skeleton (D:4)
  7 adders
  An adder skeleton (D:4)
  9 orcs
  A bat (D:2)
  4 endoplasms (D:3)
  2 giant cockroaches
  4 goblins
  7 hobgoblins
  4 jackals (D:2)
  9 kobolds
  3 quokkas
  2 ball pythons
  3 frilled lizards
  A rat (D:3)
70 creatures vanquished.

Vanquished Creatures (others)
  44 plants (D:4)
44 creatures vanquished.

Grand Total: 114 creatures vanquished

Notes
Turn   | Place    | Note
-------+----------+-------------------------------------------
     0 | D:1      | ytrimaz the Octopode Berserker began the quest for the Orb.
     0 | D:1      | Reached XP level 1. HP: 16/16 MP: 1/1
   550 | D:1      | Reached XP level 2. HP: 18/21 MP: 2/2
   758 | D:2      | Reached skill level 1 in Stealth
   997 | D:2      | Noticed Jessica
  1004 | D:2      | Killed Jessica
  1005 | D:2      | Reached XP level 3. HP: 12/26 MP: 3/3
  1589 | D:2      | Reached XP level 4. HP: 31/31 MP: 4/4
  1600 | D:2      | Reached skill level 2 in Stealth
  1779 | D:2      | Found a faded altar of an unknown god.
  2380 | D:3      | Found a broken altar of Ashenzari.
  2428 | D:3      | Reached skill level 3 in Stealth
  2428 | D:3      | Reached XP level 5. HP: 11/37 MP: 5/5
  2995 | D:3      | Reached ** piety under Trog
  3508 | D:4      | Noticed a necrophage
  3515 | D:4      | Killed a necrophage
  3516 | D:4      | Reached skill level 4 in Stealth
  3516 | D:4      | Reached XP level 6. HP: 34/43 MP: 6/6
  3589 | D:4      | Found a faded altar of an unknown god.
  3589 | D:4      | Noticed Blork the orc
  3590 | D:4      | Found a hazy altar of Hepliaklqana.
  3599 | D:4      | Killed Blork the orc
  3600 | D:4      | Reached skill level 5 in Stealth
  4001 | D:4      | Found an opulent altar of Gozag.
  4044 | D:4      | Found a sacrificial altar of Ru.
  4096 | D:4      | Reached XP level 7. HP: 24/48 MP: 7/7
  4417 | D:4      | Noticed Grinder
  4423 | D:4      | Paralysed by Grinder for 4 turns
  4430 | D:4      | Killed Grinder
  4431 | D:4      | Reached skill level 5 in Unarmed Combat
  4907 | D:4      | Reached skill level 6 in Stealth
  5192 | D:5      | Entered Level 5 of the Dungeon
  5203 | D:5      | Reached skill level 5 in Dodging
  5296 | D:5      | Identified the +7 falchion of Egomania {vamp, Fragile Dex+3
                  | SInv}
  5306 | D:5      | Reached XP level 8. HP: 37/54 MP: 8/8
  5426 | D:5      | Noticed Eustachio
  5442 | D:5      | Slain by Eustachio

Illustrated notes

Levels and vault maps discovered:
D:1:      denvon_arrival_planthouse, layout_basic
D:2:      layout_basic, hellmonk_ecumenical_altar_inner_sanctum, uniq_jessica
D:3:      layout_basic, amcnicky_altar_gilded, nrook_mini_backslash
D:4:      layout_cave_pods, nicolae_gozag_seed_capital, nicolae_ru_awakened_eye,
          beargit_hepliaklqana_dungeon_heroes, kennysheep_boxes, uniq_grinder
D:5:      layout_basic, uniq_eustachio

Skill      XL: |  1  2  3  4  5  6  7 |
---------------+----------------------+-----
Stealth        | 1 3 4 5 6 |  6.4
Dodging        | 4 5 |  5.0
Fighting       | 4 |  4.8
Unarmed Combat | 4 5 |  5.6

Action                   |  1- 3 |  4- 6 |  7- 9 || total
-------------------------+-------+-------+-------++-------
Melee: Unarmed           |    50 |   101 |    50 ||   201
       Constrict         |    14 |    19 |     9 ||    42
       Tentacles         |     9 |    15 |    11 ||    35
       Punch             |     4 |     1 |     4 ||     9
Invok: Berserk           |     1 |     1 |     1 ||     3
  Use: Scroll            |       |     4 |     3 ||     7
 Stab: Sleeping          |     2 |    11 |     5 ||    18
       Distracted        |       |     1 |       ||     1
Armor: Skin              |     2 |     4 |     4 ||    10
Dodge: Dodged            |    35 |    69 |    49 ||   153

Table legend: (Time is in decaauts)
 A = Elapsed time spent in this place.
 B = Non-inter-level travel time spent in this place.
 C = Inter-level travel time spent in this place.
 D = Time resting spent in this place.
 E = Time spent auto-exploring this place.
 F = Levels seen in this place.
 G = Mean time per level.
                   A        B        C        D        E       F      G
               +--------+--------+--------+--------+--------+-----+--------+
         Total |   5450 |   5273 |    177 |    865 |   3737 |   5 | 1090.0 |
       Dungeon |   5450 |   5273 |    177 |    865 |   3737 |   5 | 1090.0 |
               +--------+--------+--------+--------+--------+-----+--------+

Top non-repeatable levels by time:
     D:4: 1685 daAuts
     D:2: 1660 daAuts
     D:3: 1152 daAuts
     D:1: 704 daAuts
     D:5: 248 daAuts
